 Dungeon Crawl Stone Soup version 0.19.1-1-g22dce08 (webtiles) character file.

27 Mitungard the Firebug (level 2, 0/20 HPs)
             Began as a Draconian Fire Elementalist on Jan 17, 2017.
             Slain by an adder (2 damage)
             ... on level 2 of the Dungeon.
             The game lasted 00:23:57 (1931 turns).

Mitungard the Firebug (Draconian Fire Elementalist) Turns: 1931, Time: 00:23:58

Health: 0/20       AC:  6    Str: 10    XL:     2   Next: 93%
Magic:  5/5        EV: 12    Int: 15    God:
Gold:   11         SH:  0    Dex:  9    Spells: 1 memorised, 4 levels left

rFire  + . .     SeeInvis .     j - +0 hand axe
rCold  . . .     Gourm    .     (armour unavailable)
rNeg   . . .     Faith    .     (no shield)
rPois  .         Spirit   .     l - +2 hat
rElec  +         Reflect  .     (no cloak)
rCorr  .         Harm     .     (no gloves)
MR     .....                    (no boots)
Stlth  ++........               (no amulet)
                                (no ring)
                                (no ring)

@: lethally poisoned (0 -> -6)
A: unfitting armour, clumsy 1, fire resistance 1, electricity resistance,
cold-blooded, AC +4
a: no special abilities


You were on level 2 of the Dungeon.
You were not hungry.

You visited 1 branch of the dungeon, and saw 2 of its levels.

You collected 11 gold pieces.

Inventory:

Hand Weapons
 d - a +0 club
 f - a +0 short sword
 g - a +0 short sword
 j - a +0 hand axe (weapon)
Missiles
 c - 41 bolts
 e - 35 stones (quivered)
 m - 13 arrows
Armour
 h - a +0 chain mail
 l - a +2 hat (worn)
 n - a +0 robe
Scrolls
 b - a scroll of blinking {unknown}
Books
 a - a book of Flames

   Spells                             Type                      Level
   a - Flame Tongue                   Conjuration/Fire             1
   b - Throw Flame                    Conjuration/Fire             2
   c - Conjure Flame                  Conjuration/Fire             3
   d - Inner Flame                    Hexes/Fire                   3
   e - Sticky Flame                   Conjuration/Fire             4
   f - Fireball                       Conjuration/Fire             5


   Skills:
 + Level 0.2 Short Blades
 + Level 0.8 Axes
 + Level 1.9 Dodging
 + Level 2.0 Stealth
 + Level 2.3 Spellcasting
 + Level 1.0 Conjurations
 + Level 3.4 Fire Magic


You had 4 spell levels left.
You knew the following spells:

 Your Spells              Type           Power        Failure   Level  Hunger
a - Flame Tongue          Conj/Fire      #....        12%         1    #......


Dungeon Overview and Level Annotations

Branches:
Dungeon (2/15)

Altars:


Innate Abilities, Weirdness & Mutations

Your plain brown scales are hard. (AC +4)
You cannot fit into any form of body armour.
You are cold-blooded and may be slowed by cold attacks.
You are clumsy. (Dex -2)
Your flesh is heat resistant. (rF+)
You are resistant to electric shocks. (rElec)


Message History

You kill the dart slug!
The adder barely misses you. The adder bites you.
You closely miss the adder.
You tail-slap the adder, but do no damage.
The adder is lightly wounded.
The adder barely misses you. The adder bites you.
You closely miss the adder.
The adder is lightly wounded.
The adder closely misses you. The adder bites you.
* * * LOW HITPOINT WARNING * * *
You are lethally poisoned!
The adder poisons you! The adder closely misses you.
A bat comes into view.
* * * LOW HITPOINT WARNING * * *
You feel sick.
It was a potion of mutation.
You feel extremely strange.
You feel resistant to heat.
You feel clumsy.
You feel insulated. The adder bites you.
You die...

###########
..>....@S.#######
b..####..††......
.####.#.#######
...........###
.####....#...#
..#.........#.##
#...........(...
#......#.#.......
.........#...###.


You could see an adder and a bat (sleeping).

Vanquished Creatures
  A dart slug (D:2)
  A ball python (D:1)
  2 bats (D:1)
  A giant cockroach (D:1)
  5 goblins
  4 jackals (D:1)
  2 frilled lizards (D:1)
  4 kobolds (D:1)
  2 rats
22 creatures vanquished.

Notes
Turn   | Place    | Note
-------+----------+-------------------------------------------
     0 | D:1      | Mitungard the Draconian Fire Elementalist began the quest for the Orb.
     0 | D:1      | Reached XP level 1. HP: 14/14 MP: 3/3
   830 | D:1      | Reached XP level 2. HP: 17/20 MP: 5/5
  1931 | D:2      | Gained mutation: Your flesh is heat resistant. (rF+) [potion of mutation]
  1931 | D:2      | Gained mutation: You are clumsy. (Dex -2) [potion of mutation]
  1931 | D:2      | Gained mutation: You are resistant to electric shocks. (rElec) [potion of mutation]
  1931 | D:2      | Slain by an adder

Skill      XL: |  1  2 |
---------------+-------+-----
Stealth        | 2 |  2.0
Short Blades   | |  0.2
Axes           | |  0.8
Dodging        | |  1.9
Spellcasting   | |  2.3
Conjurations   | |  1.0
Fire Magic     | |  3.4

Action                   || total
-------------------------++-------
Melee: Unarmed           ||    14
       Short sword       ||     8
       Club              ||     5
       Tailslap          ||     2
       Hand axe          ||    31
 Cast: Flame Tongue      ||     5
  Use: Potion            ||     1
  Eat: Bread ration      ||     1
Armor: Skin              ||    28
Dodge: Dodged            ||    56
